 Dungeon Crawl Stone Soup version 0.27-a0-1036-g8e1b44f6bd (webtiles) character file.

Game seed: 10368354101925371886

163 spiderkeys the Skirmisher (level 5, 0/47 HPs)
             Began as a Gnoll Abyssal Knight on Apr 18, 2021.
             Was a Believer of Lugonu.
             Killed from afar by a dart slug (3 damage)
             ... with a slug dart
             ... on level 4 of the Dungeon.
             The game lasted 00:05:25 (3084 turns).

spiderkeys the Skirmisher (Gnoll Abyssal Knight)    Turns: 3084, Time: 00:05:26

Health: 0/47       AC:  5    Str: 12    XL:     5   Next: 44%
Magic:  7/8        EV: 11    Int: 11    God:    Lugonu [**....]
Gold:   202        SH:  4    Dex: 12    Spells: 7/7 levels left

rFire    . . .     SeeInvis .   q - +2 dagger (venom)
rCold    . . .     Faith    .   r - +0 buckler
rNeg     . . .     Spirit   .   b - +0 leather armour
rPois    .         Reflect  .   (no helmet)
rElec    .         Harm     .   (no cloak)
rCorr    .         Rampage  .   l - +1 pair of gloves
Will     .....                  (no boots)
Stlth    +.........             g - amulet of regeneration
HPRegen  1.15/turn              (no ring)
MPRegen  0.11/turn              (no ring)

@: no status effects
A: fangs 1, strong nose, distributed training
a: Renounce Religion, Depart the Abyss, Bend Space


You were on level 4 of the Dungeon.
You worshipped Lugonu.
Lugonu was pleased with you.
You visited 1 branch of the dungeon, and saw 4 of its levels.
You visited the Abyss 1 time.

You collected 202 gold pieces.


Innate Abilities, Weirdness & Mutations

You have very sharp teeth.
Your uncanny sense of smell can sniff out nearby items.
Your experience applies equally to all skills.


   Skills:
 + Level 6.7 Fighting
 + Level 1.5 Short Blades
 + Level 1.5 Long Blades
 + Level 1.5 Axes
 + Level 1.5 Maces & Flails
 + Level 4.8 Polearms
 + Level 1.5 Staves
 + Level 1.5 Slings
 + Level 1.5 Bows
 + Level 1.5 Crossbows
 + Level 1.5 Throwing
 + Level 4.8 Armour
 + Level 3.0 Dodging
 + Level 1.5 Stealth
 + Level 1.5 Shields
 + Level 1.5 Unarmed Combat
 + Level 1.5 Spellcasting
 + Level 1.2 Conjurations
 + Level 1.2 Hexes
 + Level 1.2 Summonings
 + Level 1.2 Necromancy
 + Level 1.2 Translocations
 + Level 1.2 Transmutations
 + Level 1.2 Fire Magic
 + Level 1.2 Ice Magic
 + Level 1.2 Air Magic
 + Level 1.2 Earth Magic
 + Level 1.2 Poison Magic
 + Level 4.9 Invocations
 + Level 1.5 Evocations


You had 7 spell levels left.
You didn't know any spells.
Your spell library contained the following spells:

 Spells                   Type           Power      Damage    Failure   Level
 Beastly Appendage        Tmut           6%         N/A       32%         1
 Wereblood                Tmut           3%         N/A       43%         2
 Gell's Gravitas          Tloc           1%         N/A       67%         3
 Portal Projectile        Hex/Tloc       6%         N/A       67%         3
 Spider Form              Tmut/Pois      1%         N/A       67%         3
 Ice Form                 Ice/Tmut       3%         N/A       97%         4
 Passage of Golubria      Tloc           N/A        N/A       97%         4
 Hydra Form               Tmut           1%         N/A       100%        5
 Manifold Assault         Tloc           3%         N/A       100%        5
 Dispersal                Tloc           1%         N/A       100%        6
 Disjunction              Tloc           1%         N/A       100%        8

Inventory:

Hand Weapons
 a - a +2 spear
 q - a +2 dagger of venom (weapon)
   (You took it off a goblin on level 3 of the Dungeon)
Missiles
 d - 85 stones
 h - 8 silver javelins
 i - 31 arrows
 j - 13 bolts
 n - 19 sling bullets
 p - 17 poisoned darts
 s - 7 curare-tipped darts {=f}
Armour
 b - a +0 leather armour (worn)
 l - a +1 pair of gloves (worn)
   (You found it on level 1 of the Dungeon)
 r - a +0 buckler (worn)
   (You found it on level 4 of the Dungeon)
Jewellery
 g - an amulet of regeneration (around neck)
   (You found it on level 3 of the Abyss)
Scrolls
 o - a scroll of teleportation {@r4}
Potions
 c - 5 potions of might
 e - 2 potions of berserk rage {unknown}
 f - 2 potions of curing {unknown}
 k - 3 potions of heal wounds {unknown}
 m - a potion of haste {unknown}

Dungeon Overview and Level Annotations

Branches:
Dungeon (4/15)
 Temple: D:4-7

Altars:
Hepliaklqana
Xom

Annotations:
D:4 Blork the orc

###### #.....
....... .........
..........(
.....##.....
.....##.....
#######............
#............
#.@..........
#............
#............
#............
#.ow###.....##.....
###)##########.....
#...ยง.......##.....
#............#.....
#............#.....


You could see Blork the orc (fast, extremely poisoned) and a dart slug.


Message History

A goblin is nearby!
You reach to attack!
The helpless goblin fails to defend itself.
You hit the goblin. You hit the goblin.
You kill the goblin!
Lugonu accepts your kill.
No target in view!
No target in view!
There is an open door here.
You see here a +0 club.
Blork the orc and a dart slug come into view.
Blork the orc shouts!
You catch the helpless dart slug completely off-guard!
You hit the dart slug.
Blork the orc casts a spell.
Blork the orc seems to speed up.
Blork the orc gestures at you while chanting.
The puff of frost hits you! ๐Ÿ˜• HP[-8]
You take 8 damage, and now have 39/47 hp.
There is an open door here.
You see here a +0 club. ๐Ÿ˜• HP[+1]
You hit the dart slug. Blork the orc casts a spell at you.
The puff of flame hits you. ๐Ÿ˜• HP[-4]
You take 4 damage, and now have 36/47 hp.
You hit the dart slug. You bite the dart slug.
Blork the orc hits you with a +0 mace! The dart slug launches a dart at you.
The slug dart hits you. ๐Ÿ˜ฎ HP[-10]
You take 10 damage, and now have 26/47 hp.
MASSIVE DAMAGE!! (PAUSE)
You barely miss Blork the orc.
Blork the orc closely misses you. ๐Ÿ˜ฎ HP[+1]
You hit Blork the orc. Blork the orc closely misses you.
The dart slug bites you.
Blork the orc closely misses you. ๐Ÿ˜ฎ HP[-2]
You take 2 damage, and now have 25/47 hp.
You hit Blork the orc. Your bite misses Blork the orc.
Blork the orc gestures at you while chanting.
The puff of frost misses you.
The dart slug bites you but does no damage. ๐Ÿ˜ฎ HP[+1] Blork the orc hits you with a +0 mace.
* * * LOW HITPOINT WARNING * * *
๐Ÿ˜จ HP[-4]
You take 4 damage, and now have 22/47 hp.
Your +2 dagger of venom begins to drip with poison!
q - a +2 dagger of venom (weapon)
๐Ÿ˜จ HP[+1]
You hit Blork the orc but do no damage.
Blork the orc is poisoned.
Your bite misses Blork the orc.
Blork the orc points at you and mumbles some strange words.
The puff of flame hits you.
* * * LOW HITPOINT WARNING * * *
Blork the orc misses you. ๐Ÿ˜จ HP[-3]
You take 3 damage, and now have 20/47 hp.
You barely miss Blork the orc. Your bite misses Blork the orc.
You block Blork the orc's attack. ๐Ÿ˜จ HP[+1]
You hit Blork the orc. Blork the orc hits you with a +0 mace.
* * * LOW HITPOINT WARNING * * *
Blork the orc hits you with a +0 mace.
* * * LOW HITPOINT WARNING * * *
๐Ÿ˜จ HP[-2]
You take 2 damage, and now have 19/47 hp.
You hit Blork the orc.
Blork the orc looks as sick as possible!
You block Blork the orc's attack. ๐Ÿ˜จ HP[+1]
You hit Blork the orc.
Blork the orc looks as sick as possible!
Blork the orc hits you with a +0 mace!
* * * LOW HITPOINT WARNING * * *
Blork the orc completely misses you. ๐Ÿ˜จ HP[-8]
You take 8 damage, and now have 12/47 hp.
You hit Blork the orc but do no damage.
Blork the orc looks as sick as possible!
Blork the orc hits you with a +0 mace.
* * * LOW HITPOINT WARNING * * *
๐Ÿ˜ฑ HP[-2]
You take 2 damage, and now have 10/47 hp.
Your leather armour prevents you from hitting Blork the orc.
Blork the orc screams, "I'll break your legs!"
Blork the orc casts a spell at you. The puff of frost hits you!
* * * LOW HITPOINT WARNING * * *
๐Ÿ˜ฑ HP[-6]
You take 6 damage, and now have 4/47 hp.
Space bends around you!
You blink.
The dart slug launches a dart at you. The slug dart hits you.
You die...

Skill      XL: |  1  2  3  4  5 |
---------------+----------------+-----
Short Blades   | 1 |  1.5
Long Blades    | 1 |  1.5
Axes           | 1 |  1.5
Maces & Flails | 1 |  1.5
Staves         | 1 |  1.5
Slings         | 1 |  1.5
Bows           | 1 |  1.5
Crossbows      | 1 |  1.5
Throwing       | 1 |  1.5
Stealth        | 1 |  1.5
Shields        | 1 |  1.5
Unarmed Combat | 1 |  1.5
Spellcasting   | 1 |  1.5
Evocations     | 1 |  1.5
Conjurations   | 1 |  1.2
Hexes          | 1 |  1.2
Summonings     | 1 |  1.2
Necromancy     | 1 |  1.2
Translocations | 1 |  1.2
Transmutations | 1 |  1.2
Fire Magic     | 1 |  1.2
Ice Magic      | 1 |  1.2
Air Magic      | 1 |  1.2
Earth Magic    | 1 |  1.2
Poison Magic   | 1 |  1.2
Dodging        | 3 |  3.0
Fighting       | |  6.7
Polearms       | |  4.8
Armour         | |  4.8
Invocations    | |  4.9

Action                   |  1- 3 |  4- 6 || total
-------------------------+-------+-------++-------
Melee: Spear             |   122 |    21 ||   143
       Bite              |     5 |     6 ||    11
       Dagger            |       |    51 ||    51
Invok: Depart the Abyss  |     1 |       ||     1
       Bend Space        |       |     1 ||     1
  Use: Scroll            |     5 |     2 ||     7
 Stab: Sleeping          |     4 |     1 ||     5
       Distracted        |       |     1 ||     1
Armor: Leather armour    |    17 |    15 ||    32
Dodge: Dodged            |    44 |    37 ||    81
Block: Buckler           |       |     5 ||     5

Levels and vault maps discovered:
D:1:      erik_arrival_cave_to_civilisation [erik_arrival_cave_to_temple],
          layout_loops_ring, shapermc_ecumenical_altar_mp_urbaneastern
D:2:      layout_loops_cross, basic_altar
D:3:      layout_basic, nicolae_hepliaklqana_hazy_memory,
          kennysheep_generic_room_4
D:4:      layout_gridville, hangedman_decor_riveting, small_statue_intersection,
          uniq_ijyb, uniq_blork_the_orc

Notes
Turn   | Place    | Note
-------+----------+-------------------------------------------
     0 | Abyss:1  | spiderkeys the Gnoll Abyssal Knight began the quest for the
                  | Orb.
     0 | Abyss:1  | Reached XP level 1. HP: 23/23 MP: 3/3
     0 | Abyss:1  | magus.rc [v1.9.10]
    84 | Abyss:1  | You pick up a book of the Warp and begin reading...
    84 | Abyss:1  | You add the spells Gell's Gravitas, Portal Projectile,
                  | Passage of Golubria, Manifold Assault, Dispersal and
                  | Disjunction to your library.
    88 | Abyss:2  | Found a corrupted altar of Lugonu.
   103 | Abyss:2  | Noticed an orange demon
   109 | Abyss:3  | Found a corrupted altar of Lugonu.
   138 | Abyss:3  | Noticed a ynoxinul
   141 | Abyss:3  | Noticed a raiju
   143 | D:1      | You pass through the gate.
   143 | D:1      | Escaped the Abyss
   280 | D:1      | Reached XP level 2. HP: 29/29 MP: 5/5
   353 | D:1      | Found a faded altar of an unknown god.
   512 | D:1      | Reached * piety under Lugonu
   750 | D:1      | Reached XP level 3. HP: 35/35 MP: 6/6
   935 | D:1      | Noticed an ogre
   935 | D:1      | Noticed an ogre
   935 | D:1      | Noticed an ogre
   939 | D:1      | Noticed an ogre
  1248 | D:2      | Found a shimmering altar of Xom.
  1902 | D:3      | Found a hazy altar of Hepliaklqana.
  1945 | D:3      | Reached skill level 1 in Short Blades
  1945 | D:3      | Reached skill level 1 in Long Blades
  1945 | D:3      | Reached skill level 1 in Axes
  1945 | D:3      | Reached skill level 1 in Maces & Flails
  1945 | D:3      | Reached skill level 1 in Staves
  1945 | D:3      | Reached skill level 1 in Slings
  1945 | D:3      | Reached skill level 1 in Bows
  1945 | D:3      | Reached skill level 1 in Crossbows
  1945 | D:3      | Reached skill level 1 in Throwing
  1945 | D:3      | Reached skill level 1 in Stealth
  1945 | D:3      | Reached skill level 1 in Shields
  1945 | D:3      | Reached skill level 1 in Unarmed Combat
  1945 | D:3      | Reached skill level 1 in Spellcasting
  1945 | D:3      | Reached skill level 1 in Evocations
  2021 | D:3      | Reached XP level 4. HP: 41/41 MP: 7/7
  2036 | D:3      | You pick up a book of Changes and begin reading...
  2036 | D:3      | You add the spells Beastly Appendage, Wereblood, Spider
                  | Form, Ice Form and Hydra Form to your library.
  2305 | D:4      | Noticed Ijyb
  2314 | D:4      | HP: 10/41 [Ijyb/puff of flame (5)]
  2624 | D:4      | Reached ** piety under Lugonu
  2774 | D:4      | Reached skill level 1 in Conjurations
  2774 | D:4      | Reached skill level 1 in Hexes
  2774 | D:4      | Reached skill level 1 in Summonings
  2774 | D:4      | Reached skill level 1 in Necromancy
  2774 | D:4      | Reached skill level 1 in Translocations
  2774 | D:4      | Reached skill level 1 in Transmutations
  2774 | D:4      | Reached skill level 1 in Fire Magic
  2774 | D:4      | Reached skill level 1 in Ice Magic
  2774 | D:4      | Reached skill level 1 in Air Magic
  2774 | D:4      | Reached skill level 1 in Earth Magic
  2774 | D:4      | Reached skill level 1 in Poison Magic
  2860 | D:4      | HP: 2/41 [Ijyb/puff of flame (11)]
  2865 | D:4      | Killed Ijyb
  2866 | D:4      | Reached XP level 5. HP: 9/47 MP: 8/8
  2918 | D:4      | Reached skill level 3 in Dodging
  3063 | D:4      | Noticed Blork the orc
  3082 | D:4      | HP: 10/47 [Blork the orc/+0 mace (4)]
  3083 | D:4      | HP: 4/47 [Blork the orc/puff of frost (7)]
  3084 | D:4      | Killed from afar by a dart slug

Vanquished Creatures
  A jelly (D:4)
  Ijyb (D:4)
  3 adders
  An adder skeleton (D:4)
  A worm (D:2)
  4 dart slugs
  8 endoplasms
  3 giant cockroaches
  5 goblins
  4 hobgoblins
  2 jackals (D:1)
  2 quokkas
  5 ball pythons
  3 bats
  4 frilled lizards
  5 kobolds
  3 rats
55 creatures vanquished.

Vanquished Creatures (others)
  2 plants (D:3)
2 creatures vanquished.

Grand Total: 57 creatures vanquished

Table legend:
 A = Non-vault XP
 B = Vault XP
 C = Vault XP percentage of total XP
 D = Non-vault monster count
 E = Vault monster count
 F = Vault count percentage of total count
                 A         B        C        D         E       F
            +---------+---------+-------+---------+---------+-------
      Total |     194 |      40 |  17.1 |      51 |       4 |   7.3
            +---------+---------+-------+---------+---------+-------
        D:1 |      36 |       3 |   7.7 |      21 |       2 |   8.7
        D:2 |      31 |       0 |   0.0 |      11 |       0 |   0.0
        D:3 |      31 |       1 |   3.1 |       9 |       1 |  10.0
        D:4 |      96 |      36 |  27.3 |      10 |       1 |   9.1
            +---------+---------+-------+---------+---------+-------

Illustrated notes

Table legend:
 A = Kills in this place as a percentage of kills in entire the game.
 B = Kills by you in this place as a percentage of kills by you in the entire game.
 C = Kills by friends in this place as a percentage of kills by friends in the entire game.
 D = Other kills in this place as a percentage of other kills in the entire game.
 E = Experience gained in this place as a percentage of experience gained in the entire game.
 F = Experience gained in this place divided by the number of levels of this place that you have seen.
                   A       B       C       D       E      F
               +-------+-------+-------+-------+-------+----------------------
         Total | 100.0 | 100.0 |   N/A |   N/A | 100.0 |  33.4
       Dungeon | 100.0 | 100.0 |   N/A |   N/A | 100.0 |  58.5
               +-------+-------+-------+-------+-------+----------------------

Table legend: (Time is in decaauts)
 A = Elapsed time spent in this place.
 B = Non-inter-level travel time spent in this place.
 C = Inter-level travel time spent in this place.
 D = Time resting spent in this place.
 E = Time spent auto-exploring this place.
 F = Levels seen in this place.
 G = Mean time per level.
                   A        B        C        D        E       F      G
               +--------+--------+--------+--------+--------+-----+--------+
         Total |   3064 |   3014 |     50 |    357 |   2066 |   7 |  437.7 |
       Dungeon |   2921 |   2871 |     50 |    357 |   2046 |   4 |  730.2 |
         Abyss |    142 |    142 |      0 |      0 |     20 |   3 |   47.3 |
               +--------+--------+--------+--------+--------+-----+--------+

Top non-repeatable levels by time:
     D:1: 1048 daAuts
     D:4: 789 daAuts
     D:2: 604 daAuts
     D:3: 480 daAuts
 Abyss:1: 88 daAuts
 Abyss:3: 33 daAuts
 Abyss:2: 20 daAuts
